[Event "49th Rilton Cup 2019-20"]
[Site "Stockholm"]
[Date "2019.12.29"]
[Round "3.3"]
[White "Koykka, Pekka"]
[Black "Moradiabadi, Elshan"]
[Result "0-1"]
[ECO "C45"]
[WhiteElo "2372"]
[BlackElo "2539"]
[Annotator "ChessBase"]
[PlyCount "124"]
[EventDate "2019.12.27"]
[EventType "swiss"]
[EventCountry "SWE"]
[SourceTitle "playchess.com"]
[Source "ChessBase"]
[SourceQuality "1"]
[TimeControl "40/5400+30:1800+30"]

1. e4 e5 2. Nf3 Nc6 3. d4 exd4 4. Nxd4 Bc5 5. Nxc6 Qf6 6. Qf3 dxc6 7. Nc3 Be6 8. Bd3 O-O-O 9. Qg3 Bd4 10. O-O h5 11. h4 Be5 12. Qg5 c5 13. Be3 Qxg5 14. hxg5 Bd4 15. Bxd4 cxd4 16. Ne2 Ne7 17. Nf4 Bd7 18. Be2 h4 19. Rad1 c5 20. Nd3 b6 21. b4 cxb4 22. Nxb4 Be6 23. Ba6+ Kc7 24. Rd2 Nc6 25. a3 h3 26. g3 h2+ 27. Kh1 Bh3 28. Rc1 Bg4 29. Be2 Bxe2 30. Rxe2 Nxb4 31. axb4 Kc6 32. Rd2 Kb5 33. Rb1 Rd7 34. Rb3 Kc4 35. f4 f6 36. gxf6 gxf6 37. Rbd3 Re8 38. Kxh2 Rxe4 39. Kg2 f5 40. Kf3 Rde7 41. b5 Re3+ 42. Kf2 Rxd3 43. Rxd3 Rc7 44. Kf3 Kxb5 45. g4 fxg4+ 46. Kxg4 Rxc2 47. Rxd4 Rg2+ 48. Kf3 Rg8 49. f5 a5 50. f6 Rf8 51. Rf4 a4 52. Ke3 a3 53. Kd3 a2 54. Rf1 Rxf6 55. Ra1 Rf3+ 56. Kc2 Kb4 57. Rxa2 Rf2+ 58. Kb1 Rxa2 59. Kxa2 Kc3 60. Ka3 b5 61. Ka2 b4 62. Kb1 Kb3 0-1

[Event "49th Rilton Cup 2019-20"]
[Site "Stockholm"]
[Date "2019.12.29"]
[Round "3.5"]
[White "Hillarp Persson, Tiger"]
[Black "Ippolito, Dean"]
[Result "1-0"]
[ECO "E70"]
[WhiteElo "2537"]
[BlackElo "2356"]
[Annotator "ChessBase"]
[PlyCount "97"]
[EventDate "2019.12.27"]
[EventType "swiss"]
[EventCountry "SWE"]
[SourceTitle "playchess.com"]
[Source "ChessBase"]
[SourceQuality "1"]
[TimeControl "40/5400+30:1800+30"]

1. c4 g6 2. Nc3 Bg7 3. d4 Nf6 4. e4 d6 5. Nge2 O-O 6. Ng3 c5 7. d5 e6 8. Be2 exd5 9. cxd5 a6 10. a4 Nbd7 11. O-O Re8 12. Bg5 h6 13. Be3 h5 14. Bg5 Qc7 15. Qd2 Nh7 16. Bh4 c4 17. Kh1 Rb8 18. f4 Bh6 19. Qd1 b5 20. axb5 axb5 21. b4 Ndf6 22. h3 Bd7 23. e5 dxe5 24. d6 Qd8 25. fxe5 Rxe5 26. Nge4 g5 27. Nxf6+ Nxf6 28. Bg3 Re3 29. Rxf6 Qxf6 30. Nd5 Qe6 31. Nxe3 Qxe3 32. Bh2 c3 33. Bxh5 Rc8 34. Qc2 Be6 35. Rd1 Ra8 36. Bg1 Qg3 37. Bf3 Rd8 38. Bh2 Qh4 39. Qxc3 g4 40. Bxg4 Bxg4 41. hxg4 Bf4 42. Qh3 Qg5 43. Qh5 Qf6 44. Rf1 Kg7 45. Rxf4 Qa1+ 46. Bg1 Rh8 47. Qxh8+ Kxh8 48. d7 Qa8 49. Bb6 1-0

[Event "49th Rilton Cup 2019-20"]
[Site "Stockholm"]
[Date "2019.12.29"]
[Round "3.7"]
[White "Kollars, Dmitrij"]
[Black "Lokander, Martin"]
[Result "1-0"]
[ECO "C42"]
[WhiteElo "2584"]
[BlackElo "2397"]
[Annotator "ChessBase"]
[PlyCount "71"]
[EventDate "2019.12.27"]
[EventType "swiss"]
[EventCountry "SWE"]
[SourceTitle "playchess.com"]
[Source "ChessBase"]
[SourceQuality "1"]
[TimeControl "40/5400+30:1800+30"]

1. e4 e5 2. Nf3 Nf6 3. Nxe5 d6 4. Nf3 Nxe4 5. d4 d5 6. Bd3 Bd6 7. O-O O-O 8. c4 c6 9. Nc3 Nxc3 10. bxc3 dxc4 11. Bxc4 Bf5 12. Bd3 Qa5 13. c4 Bxd3 14. Qxd3 Nd7 15. c5 Be7 16. Rb1 Qc7 17. g3 b5 18. Bf4 Qc8 19. Rfe1 Re8 20. Re2 Nf6 21. Rbe1 Bf8 22. Rxe8 Nxe8 23. d5 cxd5 24. Rc1 Nc7 25. c6 Ne6 26. Be5 Qa6 27. Qxd5 Rd8 28. Qe4 Qa4 29. Qxa4 bxa4 30. c7 Rc8 31. Rb1 f6 32. Rb8 Rxc7 33. Bxc7 Nxc7 34. Nd4 Na6 35. Ra8 Nc5 36. Rxa7 1-0

[Event "49th Rilton Cup 2019-20"]
[Site "Stockholm"]
[Date "2019.12.29"]
[Round "3.8"]
[White "Haug, Johannes"]
[Black "Volkov, Sergey"]
[Result "1/2-1/2"]
[ECO "D15"]
[WhiteElo "2407"]
[BlackElo "2578"]
[Annotator "ChessBase"]
[PlyCount "172"]
[EventDate "2019.12.27"]
[EventType "swiss"]
[EventCountry "SWE"]
[SourceTitle "playchess.com"]
[Source "ChessBase"]
[SourceQuality "1"]
[TimeControl "40/5400+30:1800+30"]

1. d4 d5 2. c4 c6 3. Nf3 Nf6 4. Nc3 a6 5. e3 Bf5 6. Ne5 Nbd7 7. Qb3 Qc7 8. cxd5 Nxe5 9. dxe5 Nxd5 10. Nxd5 cxd5 11. Bd2 Qxe5 12. Bc3 Qc7 13. Qxd5 e6 14. Qc4 Qxc4 15. Bxc4 Rc8 16. Be2 Be4 17. f3 Bc6 18. Kf2 f6 19. f4 Kf7 20. Bh5+ g6 21. Bf3 Bxf3 22. Kxf3 Be7 23. Rhd1 Rhd8 24. Rxd8 Rxd8 25. Rc1 Rc8 26. Bd2 Rxc1 27. Bxc1 f5 28. e4 h5 29. h3 Ke8 30. exf5 exf5 31. Ke2 Kd7 32. Kd3 Kc6 33. Kc4 b5+ 34. Kd3 Kd5 35. b3 Bd6 36. Be3 Ba3 37. Bd2 Be7 38. Be3 Bd8 39. Bc1 a5 40. Be3 a4 41. Bc1 Bb6 42. Bd2 Bc5 43. Bc1 Bg1 44. Ba3 Bf2 45. Bc1 Bb6 46. Bd2 Bd8 47. Bc1 Be7 48. Be3 Ba3 49. Bd2 Kc5 50. Be3+ Kd5 51. Bd2 Bf8 52. Bc1 Bc5 53. Bd2 Bg1 54. Bb4 Bh2 55. Bd2 Kc5 56. Kc3 Bg1 57. Bc1 Bd4+ 58. Kd3 Kd5 59. Bd2 Ba7 60. Bc1 Bb8 61. Be3 Bc7 62. Bc1 Kc5 63. Ba3+ Kc6 64. Bc1 Kd5 65. Be3 Bd8 66. Bc1 Bh4 67. Be3 Bg3 68. Bc1 Bf2 69. Ke2 Ba7 70. Kd3 Bg1 71. Ba3 Bb6 72. Bc1 Ba7 73. Bd2 Bc5 74. Bc1 Bf8 75. Be3 Be7 76. Bc1 Bc5 77. Bd2 Ba7 78. Bc1 Bg1 79. Ba3 Bh2 80. Bc1 Bg3 81. Be3 Be1 82. Bc1 Bf2 83. Ke2 Ba7 84. Kd3 Bb8 85. Be3 Bc7 86. Bc1 Bb6 {[%emt 0:01:29] Ke4+} 1/2-1/2

[Event "49th Rilton Cup 2019-20"]
[Site "Stockholm"]
[Date "2019.12.29"]
[Round "3.9"]
[White "Schekachikhin, Maksim"]
[Black "Meshkovs, Nikita"]
[Result "1/2-1/2"]
[ECO "E35"]
[WhiteElo "2389"]
[BlackElo "2558"]
[Annotator "ChessBase"]
[PlyCount "200"]
[EventDate "2019.12.27"]
[EventType "swiss"]
[EventCountry "SWE"]
[SourceTitle "playchess.com"]
[Source "ChessBase"]
[SourceQuality "1"]
[TimeControl "40/5400+30:1800+30"]

1. d4 Nf6 2. c4 e6 3. Nc3 Bb4 4. Qc2 d5 5. cxd5 exd5 6. Bg5 h6 7. Bh4 g5 8. Bg3 Nc6 9. e3 h5 10. Bb5 Ne4 11. f3 Bxc3+ 12. bxc3 Nxg3 13. hxg3 Qe7 14. Kf2 Bd7 15. Bxc6 Bxc6 16. Qf5 Bd7 17. Qxd5 O-O-O 18. Rb1 Bc6 19. Qf5+ Kb8 20. Ne2 Rh6 21. c4 Rf6 22. Qc5 Qxc5 23. dxc5 Rf5 24. Rxh5 Rxc5 25. Rc1 a6 26. Nd4 Bb5 27. Rd1 Bd7 28. Nb3 Rxc4 29. Rxg5 b6 30. Rd2 Kc8 31. Rgd5 a5 32. Nd4 Rh8 33. g4 a4 34. g5 a3 35. Nc2 Be6 36. R5d3 Kb7 37. Rxa3 c5 38. e4 b5 39. Ne3 Rc1 40. f4 b4 41. Ra4 Re8 42. f5 Bc8 43. Kf3 Kc6 44. Kf4 Bb7 45. e5 Kb5 46. Ra7 Kb6 47. Rxb7+ Kxb7 48. f6 Re1 49. g6 fxg6 50. f7 g5+ 51. Kf3 Rxe3+ 52. Kxe3 Rxe5+ 53. Kf3 Rf5+ 54. Kg4 Rxf7 55. Kxg5 Kc6 56. g4 c4 57. Kg6 c3 58. Rc2 Ra7 59. g5 Rxa2 60. Rxa2 b3 61. Ra3 c2 62. Rxb3 c1=Q 63. Rf3 Kd7 64. Rf7+ Ke8 65. Rf6 Qe3 66. Kh6 Ke7 67. Kg6 Qh3 68. Rf7+ Ke6 69. Rf6+ Ke5 70. Kg7 Qh4 71. Kg6 Qh8 72. Rf5+ Ke4 73. Rf6 Qg8+ 74. Kh6 Ke5 75. Kh5 Qh7+ 76. Kg4 Qh2 77. Rf5+ Ke4 78. Rf6 Qe2+ 79. Kh4 Ke5 80. Rf8 Qe1+ 81. Kh5 Qd1+ 82. Kg6 Qd7 83. Rf6 Qe7 84. Kh6 Qe8 85. Rf2 Qh8+ 86. Kg6 Ke4 87. Rf6 Kd4 88. Rf4+ Ke3 89. Rf6 Ke4 90. Rf2 Qd4 91. Rf6 Qd7 92. Kh6 Ke5 93. Kg6 Qh3 94. Rf8 Qh4 95. Rf5+ Ke4 96. Rf6 Qh8 97. Rf2 Qg8+ 98. Kh6 Qd8 99. Rf6 Qh8+ 100. Kg6 Ke5 1/2-1/2

[Event "49th Rilton Cup 2019-20"]
[Site "Stockholm"]
[Date "2019.12.29"]
[Round "3.11"]
[White "Spyropoulos, Nikolaos"]
[Black "Ionov, Sergey"]
[Result "0-1"]
[ECO "C11"]
[WhiteElo "2401"]
[BlackElo "2521"]
[Annotator "ChessBase"]
[PlyCount "118"]
[EventDate "2019.12.27"]
[EventType "swiss"]
[EventCountry "SWE"]
[SourceTitle "playchess.com"]
[Source "ChessBase"]
[SourceQuality "1"]
[TimeControl "40/5400+30:1800+30"]

1. e4 e6 2. d4 d5 3. Nc3 Nf6 4. Bg5 dxe4 5. Nxe4 Nbd7 6. Nxf6+ Nxf6 7. Nf3 h6 8. Bh4 c5 9. Bd3 cxd4 10. Nxd4 Be7 11. O-O O-O 12. c3 Nd5 13. Bg3 Bf6 14. Qe2 Bxd4 15. cxd4 Bd7 16. a3 Bc6 17. Rac1 Qd7 18. Be5 a6 19. h3 Rac8 20. Rc5 f6 21. Bg3 Ne7 22. Re1 Bd5 23. Be4 Bxe4 24. Qxe4 Kf7 25. Qg4 Nd5 26. Qh5+ Kg8 27. b4 b6 28. Rxc8 Qxc8 29. Qe2 Re8 30. Qg4 Qc6 31. Bf4 Kh7 32. Rc1 Qd7 33. Bd2 Rc8 34. Re1 Rc6 35. h4 b5 36. h5 Qf7 37. Bf4 f5 38. Qh4 Qf6 39. Qg3 Rc3 40. Qh2 Rxa3 41. Bc1 Ra1 42. Qg3 Nxb4 43. Qc3 Rb1 44. Bd2 Nd5 45. Qc6 Rxe1+ 46. Bxe1 Nf4 47. Qxa6 Qxd4 48. g3 Nh3+ 49. Kh2 Ng5 50. Qa5 Qe4 51. Bc3 Qe2 52. Qa7 Qxh5+ 53. Kg1 Qf7 54. Qb6 Qd7 55. Qe3 Qc6 56. Bb2 Qc2 57. Ba3 b4 58. Bxb4 Qb1+ 59. Be1 Qxe1+ 0-1

[Event "49th Rilton Cup 2019-20"]
[Site "Stockholm"]
[Date "2019.12.29"]
[Round "3.12"]
[White "Miezis, Normunds"]
[Black "Moehn, Hans"]
[Result "1-0"]
[ECO "B10"]
[WhiteElo "2486"]
[BlackElo "2373"]
[Annotator "ChessBase"]
[PlyCount "104"]
[EventDate "2019.12.27"]
[EventType "swiss"]
[EventCountry "SWE"]
[SourceTitle "playchess.com"]
[Source "ChessBase"]
[SourceQuality "1"]
[TimeControl "40/5400+30:1800+30"]

1. c4 c6 2. e4 d5 3. cxd5 cxd5 4. exd5 Nf6 5. Nc3 Nxd5 6. Nf3 Nxc3 7. bxc3 g6 8. Qa4+ Nc6 9. Qh4 Bf5 10. d4 e5 11. Bb5 Qxh4 12. Nxh4 Bd7 13. O-O exd4 14. cxd4 O-O-O 15. Be3 Be6 16. Nf3 f6 17. Rfc1 Bd5 18. Rab1 Bd6 19. Nd2 Rd7 20. a4 Rc7 21. Nc4 Bxc4 22. Bxc4 Kb8 23. Kf1 Rd8 24. Bd5 Rdc8 25. Be6 Rd8 26. d5 Ne7 27. g3 Nf5 28. Bxf5 gxf5 29. Ke2 Re7 30. Rc4 Bc7 31. Rd1 Red7 32. Kf3 Be5 33. Rh4 b6 34. Rh5 Kb7 35. h4 Ka6 36. Rc1 Re8 37. Rxf5 Rxd5 38. Rc7 Ra5 39. Rxh7 Rxa4 40. h5 Ra8 41. h6 Rc4 42. g4 b5 43. g5 b4 44. gxf6 Bc7 45. Rc5 Rxc5 46. Bxc5 Be5 47. Bxb4 Bxf6 48. Bc5 Bg5 49. Kg4 Kb5 50. Kxg5 Kxc5 51. Rg7 a5 52. h7 Kd5 1-0

[Event "49th Rilton Cup 2019-20"]
[Site "Stockholm"]
[Date "2019.12.29"]
[Round "3.14"]
[White "Pavlovic, Milos"]
[Black "Mikalsen, Erlend"]
[Result "0-1"]
[ECO "A20"]
[WhiteElo "2480"]
[BlackElo "2361"]
[Annotator "ChessBase"]
[PlyCount "61"]
[EventDate "2019.12.27"]
[EventType "swiss"]
[EventCountry "SWE"]
[SourceTitle "playchess.com"]
[Source "ChessBase"]
[SourceQuality "1"]
[TimeControl "40/5400+30:1800+30"]

1. c4 e5 2. d3 Nf6 3. Nf3 Nc6 4. g3 d5 5. cxd5 Nxd5 6. Bg2 Bc5 7. O-O O-O 8. Qc2 Bb6 9. Nc3 Bg4 10. Bg5 Nde7 11. Qa4 Bd7 12. Rfc1 h6 13. Bxe7 Qxe7 14. Qh4 Qe6 15. e3 Ne7 16. Qh5 Bc6 17. Ne4 f5 18. Nc5 Qd6 19. d4 exd4 20. exd4 f4 21. g4 Bxf3 22. Bxf3 Qxd4 23. Ne4 Nc6 24. Rd1 Qxb2 25. g5 Qe5 26. Rac1 Rad8 27. Rxd8 Nxd8 28. Rd1 c6 29. h4 Ne6 30. Rd7 Nc5 31. Nxc5 0-1

[Event "49th Rilton Cup 2019-20"]
[Site "Stockholm"]
[Date "2019.12.29"]
[Round "3.16"]
[White "Keinanen, Toivo"]
[Black "Hobber, Anders"]
[Result "1/2-1/2"]
[ECO "D10"]
[WhiteElo "2447"]
[BlackElo "2357"]
[Annotator "NA"]
[PlyCount "61"]
[EventDate "2019.12.27"]
[EventType "swiss"]
[EventCountry "SWE"]
[SourceTitle "playchess.com"]
[Source "ChessBase"]
[SourceQuality "1"]
[TimeControl "40/5400+30:1800+30"]

1. d4 d5 2. c4 c6 3. cxd5 cxd5 4. Bg5 h6 5. Bh4 Qb6 6. Nc3 e6 7. Qd2 Be7 8. Bxe7 Nxe7 9. e3 O-O 10. Bd3 Nbc6 11. f4 f6 12. Nf3 e5 13. fxe5 fxe5 14. Nxe5 Nxe5 15. dxe5 Be6 16. O-O-O Nc6 17. Bc2 Rad8 18. Bb3 Kh8 19. Rhf1 Rxf1 20. Rxf1 d4 21. Bxe6 dxe3 22. Qc2 Nd4 23. Qe4 Nxe6 24. Rd1 Rd2 25. Rxd2 exd2+ 26. Kxd2 Qxb2+ 27. Qc2 Qb4 28. Qe4 Qb2+ 29. Qc2 Qb4 30. Qe4 Qb2+ 31. Qc2 1/2-1/2

[Event "49th Rilton Cup 2019-20"]
[Site "Stockholm"]
[Date "2019.12.29"]
[Round "3.21"]
[White "Pantzar, Milton"]
[Black "Vitenberg, Noam Aviv"]
[Result "1-0"]
[ECO "A40"]
[WhiteElo "2410"]
[BlackElo "2230"]
[Annotator "NA"]
[PlyCount "71"]
[EventDate "2019.12.27"]
[EventType "swiss"]
[EventCountry "SWE"]
[SourceTitle "playchess.com"]
[Source "ChessBase"]
[SourceQuality "1"]
[TimeControl "40/5400+30:1800+30"]

1. d4 g6 2. c4 Bg7 3. e4 Nc6 4. Be3 e5 5. Ne2 exd4 6. Nxd4 Qf6 7. Nxc6 dxc6 8. Nc3 Qe7 9. Qc2 Nf6 10. f3 O-O 11. Be2 Nh5 12. g4 Nf6 13. O-O-O Be6 14. e5 Nd7 15. f4 Nb6 16. Ne4 Rfe8 17. h4 f6 18. h5 Bf7 19. hxg6 Bxg6 20. Bd3 Nd7 21. e6 Bxe4 22. Bxe4 Qxe6 23. Bxh7+ Kf8 24. Bf2 Qxg4 25. Rh4 Qf3 26. Rxd7 Re2 27. Bc5+ Ke8 28. Qd1 Qg2 29. Bg6+ Qxg6 30. Qxe2+ Kxd7 31. Qe7+ Kc8 32. Qe6+ Kd8 33. Be7+ Ke8 34. Bd6+ Kd8 35. Qe7+ Kc8 36. Qxc7# 1-0

[Event "49th Rilton Cup 2019-20"]
[Site "Stockholm"]
[Date "2019.12.29"]
[Round "3.22"]
[White "Valsecchi, Alessio"]
[Black "Wartiovaara, Oliver"]
[Result "1-0"]
[ECO "A15"]
[WhiteElo "2503"]
[BlackElo "2185"]
[Annotator "ChessBase"]
[PlyCount "53"]
[EventDate "2019.12.27"]
[EventType "swiss"]
[EventCountry "SWE"]
[SourceTitle "playchess.com"]
[Source "ChessBase"]
[SourceQuality "1"]
[TimeControl "40/5400+30:1800+30"]

1. c4 Nf6 2. Nf3 g6 3. Nc3 Bg7 4. e4 e5 5. Be2 O-O 6. O-O Nc6 7. d3 d6 8. Rb1 Ne8 9. b4 f5 10. Nd5 Nf6 11. b5 Nd4 12. Nxd4 Nxd5 13. cxd5 exd4 14. a4 Qe7 15. Qc2 f4 16. f3 Be5 17. Rb4 a5 18. Rc4 Rf7 19. Bb2 b6 20. Bxd4 Bxd4+ 21. Rxd4 Ra7 22. Rc4 g5 23. d4 h5 24. e5 Bf5 25. Bd3 Bxd3 26. Qxd3 dxe5 27. Re1 1-0

[Event "49th Rilton Cup 2019-20"]
[Site "Stockholm"]
[Date "2019.12.29"]
[Round "3.23"]
[White "Ivanov, Sergey"]
[Black "Ajay Krishna, S."]
[Result "0-1"]
[ECO "D31"]
[WhiteElo "2478"]
[BlackElo "2302"]
[Annotator "ChessBase"]
[PlyCount "108"]
[EventDate "2019.12.27"]
[EventType "swiss"]
[EventCountry "SWE"]
[SourceTitle "playchess.com"]
[Source "ChessBase"]
[SourceQuality "1"]
[TimeControl "40/5400+30:1800+30"]

1. d4 d5 2. c4 e6 3. Nc3 Bb4 4. a3 Bxc3+ 5. bxc3 c6 6. e3 Nf6 7. cxd5 cxd5 8. c4 O-O 9. Nf3 b6 10. Bb2 Ba6 11. Rc1 Nbd7 12. cxd5 Bxf1 13. Kxf1 exd5 14. Qd3 Ne4 15. a4 Qf6 16. Qb5 Qf5 17. Ke2 Ndf6 18. h3 h5 19. Rc7 Rfe8 20. Qd3 a6 21. Rhc1 g5 22. R1c6 g4 23. Rxb6 gxf3+ 24. gxf3 Qxh3 25. fxe4 Nxe4 26. Rbb7 Qg4+ 27. Ke1 Nd6 28. Rb6 Rab8 29. a5 h4 30. Qe2 Qxe2+ 31. Kxe2 Nc4 32. Rxb8 Rxb8 33. Bc3 h3 34. Kf3 Rb3 35. Rc6 Rxc3 36. Rxa6 Ra3 37. Ra8+ Kg7 38. a6 Nd2+ 39. Kg3 Ne4+ 40. Kxh3 Nxf2+ 41. Kg3 Nd1 42. Kf4 Nxe3 43. a7 Nc4 44. Kf5 Ra5 45. Kg5 Na3 46. Rd8 Rxa7 47. Rxd5 Nc2 48. Rd8 Ra4 49. d5 Ne3 50. d6 Rg4+ 51. Kh5 Kf6 52. Re8 Rg5+ 53. Kh4 Nf5+ 54. Kh3 Nxd6 0-1

[Event "49th Rilton Cup 2019-20"]
[Site "Stockholm"]
[Date "2019.12.29"]
[Round "3.24"]
[White "Dragicevic, Drazen"]
[Black "Alexakis, Dimitrios"]
[Result "1-0"]
[ECO "A05"]
[WhiteElo "2294"]
[BlackElo "2093"]
[Annotator "NA"]
[PlyCount "101"]
[EventDate "2019.12.27"]
[EventType "swiss"]
[EventCountry "SWE"]
[SourceTitle "playchess.com"]
[Source "ChessBase"]
[SourceQuality "1"]
[TimeControl "40/5400+30:1800+30"]

1. Nf3 Nf6 2. g3 e6 3. Bg2 d5 4. O-O b5 5. b3 Bb7 6. c4 a6 7. Na3 bxc4 8. bxc4 Nbd7 9. d4 Be7 10. Rb1 Rb8 11. c5 Bc6 12. Rxb8 Qxb8 13. Bf4 O-O 14. Qd2 Qa7 15. Qa5 Rc8 16. Rb1 Ne4 17. h4 f6 18. Nc2 Nb8 19. Bh3 Kf7 20. Nb4 Bd7 21. Rc1 Qb7 22. Ne1 g5 23. hxg5 fxg5 24. Be3 Nc6 25. Nxc6 Bxc6 26. Nd3 Bf6 27. Bg4 Kg6 28. Qe1 h5 29. Rb1 Qa8 30. Bh3 h4 31. gxh4 Rh8 32. f3 Rxh4 33. Bg2 Qh8 34. fxe4 dxe4 35. Ne5+ Bxe5 36. dxe5 Qxe5 37. Qf2 Rh7 38. Rb8 Rd7 39. Bh3 Rd1+ 40. Kg2 Qf4 41. Bxf4 e3+ 42. Qf3 Bxf3+ 43. Kxf3 gxf4 44. Kxf4 Rd2 45. Kxe3 Rxa2 46. Bg2 Ra5 47. c6 Kf5 48. Rb7 Ra3+ 49. Kf2 e5 50. Rxc7 e4 51. Re7 1-0

[Event "49th Rilton Cup 2019-20"]
[Site "Stockholm"]
[Date "2019.12.30"]
[Round "4.2"]
[White "Moradiabadi, Elshan"]
[Black "Hillarp Persson, Tiger"]
[Result "1-0"]
[ECO "B06"]
[WhiteElo "2539"]
[BlackElo "2537"]
[Annotator "ChessBase"]
[PlyCount "120"]
[EventDate "2019.12.27"]
[EventType "swiss"]
[EventCountry "SWE"]
[SourceTitle "playchess.com"]
[Source "ChessBase"]
[SourceQuality "1"]
[TimeControl "40/5400+30:1800+30"]

1. e4 g6 2. d4 Bg7 3. Nf3 d6 4. Nbd2 Nf6 5. Bb5+ c6 6. Bd3 Qc7 7. O-O Nbd7 8. Re1 e5 9. c3 O-O 10. a4 Re8 11. a5 Rb8 12. Nf1 b5 13. axb6 axb6 14. Bg5 h6 15. Bd2 Nf8 16. h3 Ne6 17. Ng3 Nf4 18. Bxf4 exf4 19. Nf1 g5 20. N1d2 Be6 21. Qc2 Ra8 22. Rxa8 Rxa8 23. Bc4 d5 24. exd5 Nxd5 25. Bd3 Ne7 26. Qd1 Rd8 27. Qe2 c5 28. dxc5 Qxc5 29. Bc2 b5 30. Nb3 Qc4 31. Nbd4 Qxe2 32. Rxe2 b4 33. Nxe6 fxe6 34. cxb4 Kf7 35. b5 Nf5 36. Bb3 Rd6 37. Ne5+ Bxe5 38. Rxe5 Kf6 39. Rc5 Nd4 40. Bc4 Rd8 41. Rc7 Rd6 42. Rb7 h5 43. b6 g4 44. hxg4 hxg4 45. Rb8 Ke5 46. Kf1 f3 47. gxf3 gxf3 48. Kg1 Ke4 49. b7 Rb6 50. Bd5+ Kd3 51. Rd8 Ne2+ 52. Kf1 exd5 53. b8=Q Rxb8 54. Rxb8 d4 55. b4 Kc4 56. b5 Kc5 57. Ke1 Nc3 58. b6 Kc6 59. b7 Nb5 60. Kd2 Kc7 1-0

[Event "49th Rilton Cup 2019-20"]
[Site "Stockholm"]
[Date "2019.12.30"]
[Round "4.5"]
[White "Pantzar, Milton"]
[Black "Kulaots, Kaido"]
[Result "1-0"]
[ECO "E10"]
[WhiteElo "2410"]
[BlackElo "2538"]
[Annotator "ChessBase"]
[PlyCount "55"]
[EventDate "2019.12.27"]
[EventType "swiss"]
[EventCountry "SWE"]
[SourceTitle "playchess.com"]
[Source "ChessBase"]
[SourceQuality "1"]
[TimeControl "40/5400+30:1800+30"]

1. d4 Nf6 2. c4 e6 3. Nf3 d5 4. g3 a6 5. Bg2 dxc4 6. O-O Nc6 7. e3 Rb8 8. Nfd2 e5 9. Bxc6+ bxc6 10. dxe5 Ng4 11. Nxc4 Be6 12. Nbd2 h5 13. f3 Qd3 14. fxg4 hxg4 15. b3 Bc5 16. Qe1 Bd5 17. Rf2 Rh3 18. Qe2 Qg6 19. Bb2 Ke7 20. Bd4 Bxd4 21. exd4 Rbh8 22. Nf1 c5 23. Nce3 Bf3 24. Qc2 Qxc2 25. Nxc2 Rd8 26. dxc5 Rd5 27. Re1 Rxc5 28. Nd4 1-0

[Event "49th Rilton Cup 2019-20"]
[Site "Stockholm"]
[Date "2019.12.30"]
[Round "4.6"]
[White "Blomqvist, Erik"]
[Black "Mikalsen, Erlend"]
[Result "1/2-1/2"]
[ECO "B51"]
[WhiteElo "2537"]
[BlackElo "2361"]
[Annotator "ChessBase"]
[PlyCount "138"]
[EventDate "2019.12.27"]
[EventType "swiss"]
[EventCountry "SWE"]
[SourceTitle "playchess.com"]
[Source "ChessBase"]
[SourceQuality "1"]
[TimeControl "40/5400+30:1800+30"]

1. e4 c5 2. Nf3 d6 3. Bb5+ Nd7 4. d4 cxd4 5. Qxd4 a6 6. Bxd7+ Bxd7 7. Nc3 e5 8. Qd3 h6 9. O-O Nf6 10. Nd2 Rc8 11. Nc4 Be6 12. Ne3 Be7 13. a4 O-O 14. Rd1 Qc7 15. Bd2 Rfd8 16. Be1 Rd7 17. a5 Rcd8 18. Ncd5 Bxd5 19. exd5 Nh5 20. c4 Bg5 21. b4 Re8 22. g3 e4 23. Qe2 Bxe3 24. fxe3 Nf6 25. g4 Qc8 26. Bg3 Rdd8 27. h3 Nh7 28. Rac1 Ng5 29. Kg2 Nf3 30. c5 dxc5 31. Rxc5 Qd7 32. d6 Qa4 33. Qc2 Qxb4 34. d7 Rf8 35. Rc8 Qb5 36. Rc5 Qb4 37. Rcd5 Qa3 38. Qxe4 Ng5 39. Qd3 Qb2+ 40. Rd2 Qf6 41. e4 Ne6 42. Qf3 Qxf3+ 43. Kxf3 f6 44. Bf2 Ng5+ 45. Ke3 Rf7 46. Bh4 Ne6 47. e5 Nf8 48. exf6 g5 49. Bg3 Rdxd7 50. h4 gxh4 51. Bxh4 Rxd5 52. Rxd5 Ng6 53. Rd8+ Rf8 54. Rxf8+ Kxf8 55. Be1 Ne5 56. Ke4 Nxg4 57. Kf5 h5 58. Ke6 Nh6 59. Kd7 Ng4 60. Kc7 Nxf6 61. Kxb7 Ke8 62. Kxa6 Kd7 63. Kb7 Ne4 64. Kb8 Nc5 65. Bf2 Kc6 66. Bxc5 Kb5 67. Bb6 Ka6 68. Bd8 h4 69. Bxh4 Kxa5 1/2-1/2

[Event "49th Rilton Cup 2019-20"]
[Site "Stockholm"]
[Date "2019.12.30"]
[Round "4.7"]
[White "Ionov, Sergey"]
[Black "Bellon Lopez, Juan Manuel"]
[Result "1/2-1/2"]
[ECO "B41"]
[WhiteElo "2521"]
[BlackElo "2353"]
[Annotator "ChessBase"]
[PlyCount "57"]
[EventDate "2019.12.27"]
[EventType "swiss"]
[EventCountry "SWE"]
[SourceTitle "playchess.com"]
[Source "ChessBase"]
[SourceQuality "1"]
[TimeControl "40/5400+30:1800+30"]

1. e4 c5 2. Nf3 e6 3. d4 cxd4 4. Nxd4 a6 5. c4 Nf6 6. Nc3 Qc7 7. Be2 Nc6 8. Nc2 d6 9. O-O b6 10. Be3 Ne5 11. Rc1 Bb7 12. f3 Ned7 13. Qd2 Be7 14. Rfd1 O-O 15. Nd4 Rac8 16. Bf1 Qb8 17. Kh1 Rfe8 18. Bg1 Bd8 19. b4 Bc7 20. Rb1 Ne5 21. Nb3 Bd8 22. c5 dxc5 23. bxc5 b5 24. Nd4 Ba5 25. Nb3 Bc7 26. Nd4 Ba5 27. Nb3 Bc7 28. Nd4 Ba5 29. Nb3 1/2-1/2

[Event "49th Rilton Cup 2019-20"]
[Site "Stockholm"]
[Date "2019.12.30"]
[Round "4.8"]
[White "Quesada Perez, Luis Ernesto"]
[Black "Vestby-Ellingsen, Mads"]
[Result "1/2-1/2"]
[ECO "A49"]
[WhiteElo "2499"]
[BlackElo "2346"]
[Annotator "ChessBase"]
[PlyCount "136"]
[EventDate "2019.12.27"]
[EventType "swiss"]
[EventCountry "SWE"]
[SourceTitle "playchess.com"]
[Source "ChessBase"]
[SourceQuality "1"]
[TimeControl "40/5400+30:1800+30"]

1. d4 Nf6 2. Nf3 g6 3. g3 d5 4. Bg2 Bg7 5. O-O O-O 6. c4 dxc4 7. Na3 c3 8. bxc3 c5 9. e3 Nc6 10. Qe2 Nd5 11. Bb2 Nb6 12. Rac1 Qd5 13. c4 Qh5 14. d5 Ne5 15. Rc2 Bg4 16. Bxe5 Bxe5 17. h3 Bxf3 18. Qxf3 Qxf3 19. Bxf3 Nc8 20. Nb1 Nd6 21. Nd2 f5 22. Rb1 Kg7 23. Be2 Bf6 24. Bd3 Rae8 25. Rb3 e6 26. dxe6 Rxe6 27. Be2 Rd8 28. Bf3 Re7 29. Bd5 b6 30. Kf1 Ne8 31. a4 Nc7 32. Bb7 Rb8 33. Bg2 Na6 34. Nf3 Rd7 35. Ke2 Nb4 36. Rd2 Rxd2+ 37. Nxd2 a5 38. Nb1 Na2 39. Rb5 Nb4 40. g4 fxg4 41. hxg4 g5 42. Nd2 Be5 43. Ne4 h6 44. Nxc5 bxc5 45. Rxc5 Bd6 46. Rxa5 Rc8 47. Bd5 Rc5 48. Ra7+ Rc7 49. Ra8 Bc5 50. Be4 Ra7 51. Rc8 Be7 52. c5 Rxa4 53. c6 Ra2+ 54. Kf3 Ra1 55. Rb8 Ra7 56. Ke2 Rc7 57. Rb6 Kf6 58. f4 gxf4 59. exf4 Bc5 60. Rb8 Nxc6 61. Rh8 Nd4+ 62. Kd3 Ne6 63. Rxh6+ Ke7 64. f5 Nf4+ 65. Kd2 Rd7+ 66. Kc3 Rd6 67. g5 Bd4+ 68. Kc4 Rxh6 1/2-1/2

[Event "49th Rilton Cup 2019-20"]
[Site "Stockholm"]
[Date "2019.12.30"]
[Round "4.9"]
[White "Serarols Mabras, Bernat"]
[Black "Miezis, Normunds"]
[Result "1/2-1/2"]
[ECO "E46"]
[WhiteElo "2356"]
[BlackElo "2486"]
[Annotator "ChessBase"]
[PlyCount "61"]
[EventDate "2019.12.27"]
[EventType "swiss"]
[EventCountry "SWE"]
[SourceTitle "playchess.com"]
[Source "ChessBase"]
[SourceQuality "1"]
[TimeControl "40/5400+30:1800+30"]

1. d4 Nf6 2. c4 e6 3. Nc3 Bb4 4. e3 O-O 5. Bd2 d5 6. Nf3 c5 7. a3 Bxc3 8. Bxc3 Ne4 9. Rc1 Nxc3 10. Rxc3 cxd4 11. Nxd4 dxc4 12. Bxc4 a6 13. O-O b5 14. Be2 Bb7 15. Bf3 Ra7 16. Bxb7 Rxb7 17. Qf3 Rd7 18. h3 g6 19. Qg3 Rd5 20. Rfc1 Nd7 21. b4 Ne5 22. Nc6 Nxc6 23. Rxc6 a5 24. bxa5 Qxa5 25. R1c3 b4 26. axb4 Qxb4 27. Rc8 Rxc8 28. Rxc8+ Kg7 29. Rc1 Qe4 30. Qf4 Qxf4 31. exf4 1/2-1/2